 Dungeon Crawl Stone Soup version 0.19-a0-368-g4db2635 (webtiles) character file.

25557 flachkopf the Slicer (level 13, -1/95 HPs)
             Began as a Halfling Fighter on May 29, 2016.
             Was a High Priest of Hepliaklqana.
             Slain by a spiny frog (12 damage)
             ... on level 6 of the Lair of Beasts on May 30, 2016.
             The game lasted 00:59:32 (16904 turns).

flachkopf the Slicer (Halfling Fighter)            Turns: 16904, Time: 00:59:33

Health: -1/95      AC: 12    Str: 19    XL:     13   Next: 51%
Magic:  13/13      EV: 22    Int:  7    God:    Hepliaklqana [*****.]
Gold:   397        SH:  9    Dex: 16    Spells: 0 memorised, 12 levels left

rFire  . . .     SeeInvis .     a - +1 rapier
rCold  . . .     Gourm    .     K - +0 steam dragon armour
rNeg   . . .     Faith    .     q - +2 buckler
rPois  +         Spirit   .     d - +2 hat
rElec  .         Dismiss  +     B - +0 cloak
rCorr  .         Reflect  .     (no gloves)
SustAt .         Harm     .     L - +0 pair of boots
MR     .....                    F - amulet of dismissal
Stlth  ++........               (no ring)
                                v - ring of poison resistance

@: very slightly contaminated, not resistant to hostile enchantments, unstealthy
A: mutation resistance 1
a: Recall Ancestor, Ancestor Identity, Transference, Idealise, Renounce Religion


You were on level 6 of the Lair of Beasts.
You worshipped Hepliaklqana.
Hepliaklqana was extremely pleased with you.
You were not hungry.

You visited 2 branches of the dungeon, and saw 16 of its levels.

You collected 673 gold pieces.
You spent 276 gold pieces at shops.

Inventory:

Hand Weapons
 a - a +1 rapier (weapon)
 J - the +7 Singing Sword
   (You found it on level 9 of the Dungeon)
Armour
 d - a +2 hat (worn)
 q - a +2 buckler (worn)
 t - a +2 chain mail of magic resistance
 y - the +1 robe of the Sun {MR- rCorr Stlth+}
   (You found it on level 3 of the Lair of Beasts)

   It affects your resistance to hostile enchantments.
   It protects you from acid and corrosion.
   It makes you more stealthy.
 B - a +0 cloak (worn)
 K - a +0 steam dragon armour (worn)
 L - a +0 pair of boots (worn)
Jewellery
 u - an uncursed amulet of rage {unknown}
 v - a ring of poison resistance (left hand)
 F - an amulet of dismissal (around neck)
 Q - a +6 ring of slaying {unknown}
Wands
 i - a wand of slowing (12/48)
 p - a wand of random effects (48/48)
 C - a wand of enslavement (13/24)
 D - a wand of iceblast (6/15)
 T - a wand of iceblast (6/15)
Scrolls
 g - 7 scrolls of identify
 l - 2 scrolls of amnesia
 x - 3 scrolls of teleportation
 A - a scroll of immolation
 I - 3 scrolls of fear
 P - a scroll of enchant armour
 U - a scroll of recharging
 V - a scroll of vulnerability {unknown}
Potions
 b - a potion of magic {unknown}
 e - a potion of invisibility
 j - a potion of resistance {unknown}
 k - 2 potions of cancellation {unknown}
 n - 2 potions of mutation {unknown}
 r - 2 potions of flight
 s - a potion of degeneration {unknown}
 w - a potion of cure mutation {unknown}
 E - 2 potions of agility {unknown}
 G - a potion of berserk rage {unknown}
 S - 3 potions of curing
Books
 H - a book of the Warp

   Spells                             Type                      Level
   a - Recall                         Summoning/Translocation      3
   b - Gell's Gravitas                Hexes/Translocation          3
   c - Force Lance                    Conjuration/Translocation    4
   d - Warp Weapon                    Charms/Translocation         5
   e - Summon Forest                  Summoning/Translocation      5
 M - a book of Necromancy

   Spells                             Type                      Level
   a - Pain                           Necromancy                   1
   b - Animate Skeleton               Necromancy                   1
   c - Vampiric Draining              Necromancy                   3
   d - Regeneration                   Charms/Necromancy            3
   e - Animate Dead                   Necromancy                   4
   f - Control Undead                 Necromancy                   4
 W - the Tome of the Captivating Escort
   (You found it on level 5 of the Lair of Beasts)

   Spells                             Type                      Level
   a - Corona                         Hexes                        1
   b - Summon Butterflies             Summoning                    1
   c - Summon Guardian Golem          Hexes/Summoning              3
   d - Confuse                        Hexes                        3
   e - Summon Forest                  Summoning/Translocation      5
Miscellaneous
 c - a sack of spiders
Comestibles
 f - 4 bread rations
 h - 3 meat rations
 m - 5 fruits
 o - 2 slices of pizza


   Skills:
 * Level 11.2 Fighting
 - Level 14.8 Short Blades
 + Level 9.6 Armour
 + Level 10.1 Dodging
 + Level 8.9 Shields


You had 12 spell levels left.
You didn't know any spells.

Dungeon Overview and Level Annotations

Branches:
Dungeon (10/15)            Temple (0/1) D:5            Lair (6/8) D:10
  Swamp (0/4) Lair:3
  Snake: Lair:3-6    Spider: Lair:3-6     Slime: Lair:6-8       Orc: D:9-12

Altars:
Cheibriados
Hepliaklqana
Kikubaaqudgha
Makhleb
Nemelex Xobeh
Okawaru
Pakellas
Sif Muna
Trog
Xom

Shops:
D:10 !

Annotations:
D:4 Sigmund


Innate Abilities, Weirdness & Mutations

You are small and have problems with some larger weapons.
You are somewhat resistant to further mutation.


Message History

The spiny frog is almost dead.
You feel sick. The blink frog misses you.
Keminub barely misses the blink frog.
You hit the spiny frog but do no damage.
The spiny frog is almost dead.
The spiny frog closely misses you.
You hit the spiny frog.
The spiny frog is almost dead.
You feel sick.
The blink frog hits you but does no damage.
Keminub hits the blink frog with a dagger of draining!
Keminub drains the blink frog!
The spiny frog stings you!
* * * LOW HITPOINT WARNING * * *
You feel better. The spiny frog closely misses you.
Keminub misses the blink frog.
The blink frog closely misses you.
You hit the spiny frog but do no damage.
The spiny frog is almost dead.
You hit the spiny frog but do no damage.
The spiny frog is almost dead.
The spiny frog stings you!
You die...

..........
..........
#.........
#.........
##P........
#.P........
#..........
##F.......
#@........
#FR.......
#.........
##<.......
#.........
#.........
#.........
#.........
.#........


You could see a spiny frog, a blink frog and the friendly Keminub the hexer.

Vanquished Creatures
  A dire elephant (Lair:5)
  Snorg (Lair:4)
  A hydra (Lair:4)
  Harold (Lair:4)
  A queen ant (Lair:1)
  A death yak (Lair:1)
  The ghost of Ordine the Transmogrifier, a novice OpTm (D:8)
  Pikel (D:8)
  A griffon (Lair:5)
  A cyclops (D:9)
  6 elephants
  5 spiny frogs
  A black mamba (Lair:4)
  3 komodo dragons
  A troll (D:9)
  9 blink frogs (Lair:5)
  22 yaks
  A basilisk (Lair:4)
  Grum (Lair:1)
  2 hippogriffs
  A steam dragon (D:9)
  A hungry ghost (D:8)
  6 soldier ants (Lair:1)
  Duvessa (D:7)
  12 water moccasins
  3 porcupines
  An orc warrior (D:6)
  An ice beast (D:9)
  2 phantoms
  A sky beast (D:8)
  A black bear (D:7)
  15 wolves
  An ogre (D:9)
  A centaur (D:10)
  6 crocodiles
  2 big kobolds
  4 giant frogs
  Dowan (D:7)
  3 scorpions (D:9)
  2 killer bees (D:8)
  3 wights (D:6)
  A hexer (Lair:4)
  2 crimson imps
  A howler monkey (D:6)
  2 giant frog zombies
  2 jellies
  2 hounds
  An orc priest (D:6)
  2 centaur skeletons
  6 iguanas
  Terence (D:2)
  2 orc wizards
  21 worker ants
  7 sheep
  A hound zombie (D:7)
  A hound skeleton (D:6)
  A gnoll (D:7)
  5 adders
  11 river rats
  2 shadow imps
  2 oozes
  2 worms
  3 dart slugs
  4 giant geckos
  10 orcs
  A ball python (D:5)
  18 bats
  2 goblins
  5 hobgoblins
  16 jackals
  4 quokkas
  3 giant newts
  12 kobolds
  11 rats
  A butterfly (D:2)
  2 plants (Lair:3)
296 creatures vanquished.

Vanquished Creatures (collateral kills)
  2 death yaks
  4 elephants
  A troll (D:9)
  A blink frog (Lair:5)
  A spriggan (D:8)
  A basilisk (Lair:4)
  3 yaks
  A hippogriff (Lair:3)
  4 water moccasins
  A soldier ant (Lair:1)
  A porcupine (Lair:2)
  An orc warrior (D:10)
  A wasp (D:7)
  3 black bears
  2 wolves (Lair:1)
  An ice beast (D:6)
  A centaur (D:5)
  3 crocodiles
  A gnoll sergeant (D:8)
  2 giant frogs
  A killer bee (D:8)
  A wight (D:6)
  A giant frog zombie (D:6)
  A giant frog skeleton (D:6)
  An iguana (D:7)
  2 orc wizards
  2 worker ants
  6 sheep
  A worker ant zombie (D:6)
  5 gnolls
  5 river rats
  A giant gecko (D:7)
  4 orcs
  A giant cockroach (D:7)
  2 bats (D:10)
  6 rats (D:10)
75 creatures vanquished.

Vanquished Creatures (others)
  A human (D:5)
  12 hexers
  3 ancestors
  10 fungi
  8 plants
34 creatures vanquished.

Grand Total: 405 creatures vanquished

Notes
Turn   | Place    | Note
--------------------------------------------------------------
     0 | D:1      | flachkopf the Halfling Fighter began the quest for the Orb.
     0 | D:1      | Reached XP level 1. HP: 15/15 MP: 1/1
    38 | D:1      | Reached skill level 3 in Short Blades
   100 | D:1      | Reached XP level 2. HP: 16/20 MP: 2/2
   261 | D:1      | Reached skill level 4 in Short Blades
   362 | D:1      | Reached XP level 3. HP: 22/25 MP: 3/3
   960 | D:2      | Reached skill level 5 in Short Blades
   985 | D:2      | Found a shimmering altar of Xom.
  1120 | D:2      | Reached XP level 4. HP: 26/30 MP: 4/4
  1280 | D:2      | Noticed Terence
  1298 | D:2      | Killed Terence
  1298 | D:2      | Reached skill level 6 in Short Blades
  1850 | D:3      | Found a sparkling altar of Nemelex Xobeh.
  1897 | D:3      | Reached XP level 5. HP: 28/35 MP: 5/5
  2501 | D:4      | Noticed Sigmund
  2985 | D:3      | Noticed a big kobold
  2999 | D:3      | Killed a big kobold
  2999 | D:3      | Reached skill level 7 in Short Blades
  2999 | D:3      | Reached XP level 6. HP: 32/41 MP: 6/6
  3107 | D:4      | Found a bloodstained altar of Trog.
  3117 | D:4      | Found a hazy altar of Hepliaklqana.
  3121 | D:4      | Became a worshipper of Hepliaklqana
  3289 | D:4      | Noticed an ogre
  3320 | D:5      | Entered Level 5 of the Dungeon
  3417 | D:5      | Found an ancient bone altar of Kikubaaqudgha.
  3420 | D:5      | Noticed a human
  3422 | D:5      | Killed a human
  3581 | D:5      | Found a staircase to the Ecumenical Temple.
  3596 | D:5      | Reached skill level 8 in Short Blades
  4029 | D:6      | Reached XP level 7. HP: 29/45 MP: 7/7
  4366 | D:6      | Reached * piety under Hepliaklqana
  4474 | D:6      | Reached skill level 9 in Short Blades
  4483 | D:6      | Reached XP level 8. HP: 31/52 MP: 8/8
  5366 | D:6      | Reached skill level 10 in Short Blades
  5366 | D:6      | Reached skill level 5 in Armour
  5685 | D:7      | Found a snail-covered altar of Cheibriados.
  5745 | D:7      | Reached skill level 1 in Dodging
  5885 | D:7      | Noticed Dowan
  5895 | D:7      | Noticed Duvessa
  5907 | D:7      | Killed Dowan
  5907 | D:7      | Reached XP level 9. HP: 59/59 MP: 9/9
  5920 | D:7      | Killed Duvessa
  5920 | D:7      | Reached skill level 11 in Short Blades
  6147 | D:7      | Found an iron altar of Okawaru.
  6322 | D:8      | Reached ** piety under Hepliaklqana
  6323 | D:8      | Remembered your ancestor Keminub as a hexer
  6423 | D:8      | Reached skill level 5 in Fighting
  6867 | D:8      | Noticed Pikel
  6895 | D:8      | Killed Pikel
  6895 | D:8      | Reached skill level 12 in Short Blades
  7204 | D:8      | Noticed Ordine's ghost (novice OpTm)
  7260 | D:8      | Killed Ordine's ghost
  7260 | D:8      | Reached XP level 10. HP: 16/68 MP: 10/10
  7509 | D:8      | Reached skill level 13 in Short Blades
  7854 | D:9      | Reached skill level 5 in Dodging
  7909 | D:9      | Found an oddly glowing altar of Pakellas.
  8813 | D:9      | Found a deep blue altar of Sif Muna.
  8888 | D:9      | Noticed a cyclops
  8974 | D:9      | Killed a cyclops
  8974 | D:9      | Reached skill level 14 in Short Blades
  9148 | D:10     | Entered Level 10 of the Dungeon
  9151 | D:10     | Found Foel's Distillery.
  9195 | D:10     | Bought a potion of curing for 36 gold pieces
  9195 | D:10     | Bought 2 potions of haste for 240 gold pieces
  9350 | D:10     | Found a staircase to the Lair.
  9533 | Lair:1   | Entered Level 1 of the Lair of Beasts
  9533 | Lair:1   | Reached *** piety under Hepliaklqana
  9558 | Lair:1   | Noticed a spiny frog
  9572 | Lair:1   | Killed a spiny frog
  9597 | Lair:1   | Noticed a death yak
  9598 | Lair:1   | Noticed a death yak
  9598 | Lair:1   | Noticed a death yak
  9644 | Lair:1   | Killed a death yak
  9644 | Lair:1   | Reached XP level 11. HP: 53/74 MP: 11/11
  9996 | D:10     | Killed a death yak
  9996 | D:10     | Reached skill level 5 in Shields
 10390 | Lair:1   | Killed a death yak
 10781 | Lair:1   | Noticed Grum
 10799 | Lair:1   | Killed Grum
 11433 | Lair:1   | Noticed a queen ant
 11477 | Lair:1   | Killed a queen ant
 11519 | Lair:1   | Reached XP level 12. HP: 84/84 MP: 12/12
 12774 | Lair:2   | Reached **** piety under Hepliaklqana
 13521 | Lair:3   | Got a ripped robe
 13522 | Lair:3   | Identified the +1 robe of the Sun {MR- rCorr Stlth+} (You found it on level 3 of the Lair of Beasts)
 13548 | Lair:3   | Found a staircase to the Swamp.
 13766 | Lair:3   | Found a burning altar of Makhleb.
 13941 | Lair:4   | Noticed Snorg
 13975 | Lair:4   | Killed Snorg
 14141 | Lair:4   | Noticed Harold
 14219 | Lair:4   | Killed Harold
 14219 | Lair:4   | Reached skill level 10 in Fighting
 14558 | Lair:4   | Noticed a seven-headed hydra
 14621 | Lair:4   | Killed a seven-headed hydra
 14842 | Lair:4   | Reached XP level 13. HP: 89/93 MP: 13/13
 15262 | Lair:5   | Identified the Tome of the Captivating Escort
 15284 | Lair:5   | Reached ***** piety under Hepliaklqana
 15288 | Lair:5   | Noticed a six-headed hydra
 16495 | Lair:5   | Noticed a dire elephant
 16545 | Lair:5   | Reached skill level 10 in Dodging
 16569 | Lair:5   | Killed a dire elephant
 16901 | Lair:6   | HP: 4/95 [spiny frog (8)]
 16904 | Lair:6   | Slain by a spiny frog

Vault maps used:
D:1:      lightli_arrival_statue_moat
D:2:      xom_butterflies, uniq_terence
D:3:      nemelex_deck, minmay_misc_feat_columns
D:4:      amethyst_overflow_temple_binary, first_bread, uniq_sigmund
D:5:      minmay_temple_entry_statues_fountains, tgw_kikubaaqudgha
D:7:      overflow_temple_1_default, basic_altar, uniq_duvessa
D:8:      the_bakery, minmay_misc_feat_tiny, uniq_pikel
D:9:      old_forge, lemuel_round_altar, grunt_pakellas_sulfur
D:10:     grunt_lair_entry_orc_guard_hut, serial_shops,
          nicolae_shop_statue_plus, shop, shop, shop, shop,
          roderic_roman_lattice, grunt_potential
Lair:1:   zaba_antful_of_joy, grunt_megastairs_3, uniq_grum
Lair:2:   grunt_megastairs_2
Lair:3:   wad_woods_stonehenge, swamp_mist_pool,
          nicolae_spider_entry_orb_guardian
Lair:4:   boulder_quad_collide, uniq_snorg, uniq_harold
Lair:5:   beast_lair_carwin_large_3, serial_bayou_pond_a,
          hangedman_lair_unloving_vines

Skill      XL: |  1  2  3  4  5  6  7  8  9 10 11 12 13 |
---------------+----------------------------------------+-----
Short Blades   | 3 4 5 6 7 8 9 10 12 14 | 14.8
Shields        | 4 6 7 8 |  8.9
Fighting       | 3 4 6 8 10 11 | 11.2
Armour         | 4 5 7 8 9 |  9.6
Dodging        | 1 4 6 7 9 10 | 10.1

Action                   |  1- 3 |  4- 6 |  7- 9 | 10-12 | 13-15 || total
-------------------------+-------+-------+-------+-------+-------++-------
Melee: Rapier            |   157 |   252 |   471 |  1480 |   410 ||  2770
Invok: Recall Ancestor   |       |     1 |       |       |     1 ||     2
       Ancestor Life: He |       |       |     1 |       |       ||     1
Evoke: Wand              |       |       |       |       |     4 ||     4
  Use: Potion            |       |     1 |     5 |    10 |     6 ||    22
       Scroll            |       |     9 |     2 |     9 |     3 ||    23
 Stab: Distracted        |       |       |     3 |    15 |     3 ||    21
       Confused          |       |       |     1 |    10 |     3 ||    14
  Eat: Chunk             |     6 |    15 |     9 |    16 |     1 ||    47
       Bread ration      |       |       |       |     2 |     1 ||     3
       Fruit             |       |       |       |     1 |       ||     1
       Royal jelly       |       |       |       |       |     1 ||     1
       Beef jerky        |       |       |       |       |     1 ||     1
Armor: Scale mail        |    43 |    13 |       |       |       ||    56
       Chain mail        |       |    79 |   152 |   204 |       ||   435
       Steam dragon armo |       |       |       |    36 |    56 ||    92
Dodge: Dodged            |    44 |    47 |    89 |   417 |   217 ||   814
Block: Shield            |    71 |   100 |   164 |   309 |       ||   644
       Buckler           |       |       |       |   117 |   152 ||   269
